 Dungeon Crawl Stone Soup version 0.29-a0-553-g81b289dbe5 (webtiles) character file.

Game seed: 7846632383926218123

21097 grumblor the Cleaver (level 12, 0/68 HPs)
             Began as a Vine Stalker Fighter on June 6, 2022.
             Was an Initiate of Ru.
             Slain by a two-headed ogre
             ... wielding a +0 giant spiked club
              (4 damage)
             ... while petrified by a basilisk
             ... on level 13 of the Dungeon on June 7, 2022.
             The game lasted 00:27:47 (11387 turns).

grumblor the Cleaver (Vine Stalker Fighter)        Turns: 11387, Time: 00:27:48

Health: 0/68       AC: 21    Str: 23    XL:     12   Next: 86%
Magic:  0/22       EV:  2    Int:  8    God:    Ru [......]
Gold:   1260       SH:  0    Dex: 15    Spells: 11/11 levels left

rFire   . . .      SeeInvis .   e - +3 war axe
rCold   . . .      Faith    .   c - +0 buckler
rNeg    + + +      Spirit   +   C - +4 plate armour
rPois   ∞          Reflect  .   i - +0 helmet
rElec   .          Harm     .   F - +0 cloak
rCorr   +          Rampage  .   y - +0 pair of gloves
Will    +....                   (no boots)
Stlth   ..........              G - amulet of regeneration
HPRegen 1.81/turn               u - ring of magical power
MPRegen 0.18/turn               p - ring "Jyeplon" {rN++ rCorr}

@: petrified
A: fangs 3, regeneration 1, magic shield, antimagic bite, no potion heal 2, no
stealth
a: Renounce Religion


You were on level 13 of the Dungeon.
You worshipped Ru.
Ru was noncommittal.
You visited 2 branches of the dungeon, and saw 14 of its levels.
You also visited: Bailey.

You collected 1710 gold pieces.
You spent 450 gold pieces at shops.

Inventory:

Hand Weapons
 b - a +4 scimitar of flaming
 e - a +3 war axe (weapon)
Missiles
 a - 2 poisoned darts
 f - 3 throwing nets
 j - a boomerang (quivered)
 r - 14 javelins
Armour
 c - a +0 buckler (worn)
 i - a +0 helmet (worn)
 y - a +0 pair of gloves (worn)
 C - a +4 plate armour (worn)
 F - a +0 cloak (worn)
Jewellery
 g - a +4 ring of protection
 p - the ring "Jyeplon" (right hand) {rN++ rCorr}
   (You acquired it on level 3 of the Dungeon)

   [ring of resist corrosion]

   rN:        It greatly protects you from negative energy.
   rCorr:     It protects you from acid and corrosion.
 q - a +4 ring of evasion
 u - a ring of magical power (left hand)
 x - a ring of protection from fire
 G - an amulet of regeneration (around neck)
Wands
 t - a wand of paralysis (9)
 w - a wand of mindburst (8)
 H - a wand of flame (10)
 J - a wand of digging (5)
Scrolls
 B - a scroll of blinking
 D - a scroll of enchant weapon
 I - 2 scrolls of silence
 K - a scroll of enchant armour
Potions
 d - 3 potions of might
 h - 2 potions of lignification
 k - a potion of magic
 l - a potion of resistance
 m - 4 potions of curing
 n - a potion of cancellation
 o - 2 potions of brilliance {unknown}
 s - 4 potions of mutation {unknown}
 v - 6 potions of haste {unknown}
 z - a potion of experience {unknown}
 A - 2 potions of invisibility {unknown}


   Skills:
 * Level 10.4 Fighting
 + Level 11.3 Axes
 - Level 2.0 Throwing
 + Level 7.0 Armour
 - Level 4.0 Dodging
 + Level 5.1 Shields
 * Level 7.5 Evocations


You had 11 spell levels left.
You didn't know any spells.
Your spell library contained the following spells:

 Spells                   Type           Power      Damage    Failure   Level
 Freeze                   Ice            0%         1d3       100%        1
 Call Canine Familiar     Summ           0%         N/A       100%        3
 Frozen Ramparts          Ice            0%         1d2       100%        3
 Portal Projectile        Hex/Tloc       0%         N/A       100%        3
 Corpse Rot               Necr/Pois/Air  0%         N/A       100%        4
 Hailstorm                Conj/Ice       0%         3d3       100%        4
 Ice Form                 Ice/Tmut       0%         N/A       100%        4
 Leda's Liquefaction      Hex/Erth       0%         N/A       100%        4
 Olgreb's Toxic Radiance  Pois           0%         N/A       100%        4
 Summon Ice Beast         Ice/Summ       0%         N/A       100%        4
 Summon Lightning Spire   Summ/Air       0%         N/A       100%        4
 Alistair's Intoxication  Tmut/Pois      0%         N/A       100%        5
 Borgnjor's Vile Clutch   Necr/Erth      0%         N/A       100%        5
 Fireball                 Conj/Fire      0%         3d3       100%        5
 Eringya's Noxious Bog    Tmut/Pois      0%         N/A       100%        6
 Simulacrum               Ice/Necr       0%         N/A       100%        6
 Starburst                Conj/Fire      0%         6d3       100%        6
 Storm Form               Tmut/Air       0%         N/A       100%        7
 Ignition                 Fire           0%         3d3       100%        8
 Maxwell's Capacitive Co  Air            0%         ∞         100%        8


Dungeon Overview and Level Annotations

Branches:
Dungeon (13/15)            Temple (1/1) D:4            Lair (0/6) D:10
    Orc (0/2) D:9          Bailey (visited)
 Vaults: D:13-14

Altars:
Ashenzari
Cheibriados
Dithmenos
Elyvilon
Fedhas
Gozag
Hepliaklqana
Kikubaaqudgha
Makhleb
Nemelex Xobeh
Okawaru
Qazlal
Ru
Sif Muna
Trog
Uskayaw
Vehumet
Wu Jian
Xom
Yredelemnul
Zin
The Shining One
Ignis

Shops:
D:9 =


Innate Abilities, Weirdness & Mutations

You have razor-sharp teeth.
Your natural rate of healing is unusually fast.
When hurt, damage is shared between your health and your magic reserves.
Your bite disrupts and absorbs the magic of your enemies.
Potions cannot restore your health.
You cannot be stealthy.


Message History

You are slowing down.
Unknown command.
Unknown command.
Unknown command.
Unknown command.
The centaur warrior shoots an arrow.
The arrow hits you.
* * * LOW HITPOINT WARNING * * *
The centaur warrior shoots an arrow.
The arrow barely misses you.
The centaur warrior shoots an arrow.
The arrow hits you.
* * * LOW HITPOINT WARNING * * *
Your limbs are stiffening.
The centaur warrior shoots an arrow.
The arrow hits you. You block the two-headed ogre's attack.
The two-headed ogre hits you with a +0 giant club!!
* * * LOW HITPOINT WARNING * * *
You have turned to stone.
The basilisk gazes at you. You resist with almost no effort.
The centaur warrior shoots an arrow.
The arrow hits you.
* * * LOW HITPOINT WARNING * * *
The two-headed ogre hits you with a +0 giant spiked club!
* * * LOW HITPOINT WARNING * * *
The two-headed ogre hits you with a +0 giant club.
* * * LOW HITPOINT WARNING * * *
The centaur warrior shoots an arrow.
The arrow hits you!
* * * LOW HITPOINT WARNING * * *
The basilisk gazes at you. You resist with almost no effort.
The centaur warrior shoots an arrow.
The arrow hits you!
* * * LOW HITPOINT WARNING * * *
The basilisk barely misses you. The two-headed ogre barely misses you.
The two-headed ogre hits you with a +0 giant club.
* * * LOW HITPOINT WARNING * * *
The centaur warrior shoots an arrow.
The arrow hits you but does no damage.
The centaur warrior shoots an arrow.
The arrow barely misses you.
The basilisk bites you but does no damage.
The centaur warrior shoots an arrow.
The arrow hits you.
* * * LOW HITPOINT WARNING * * *
The two-headed ogre hits you with a +0 giant spiked club!
You die...

...............
...............
...............
../............
...............
....c.).......$
...............
.......Ol......
.......@.......
...............
.............#.
............##
...........##
..........##
........###
.......##


You could see a centaur warrior, a two-headed ogre and a basilisk.

Vanquished Creatures
  An orc warlord (Bailey)
  The ghost of Palms the Cleaver, a journeyman HOBe of Trog (D:11)
  Harold (D:9)
  A hydra (D:11)
  3 two-headed ogres
  Erica (D:8)
  2 ugly things (D:12)
  A cyclops (D:11)
  Joseph (D:7)
  Maurice (D:9)
  Maggie (D:6)
  A gargoyle (D:10)
  An unseen horror (D:11)
  A kobold demonologist (D:10)
  Psyche (D:8)
  Prince Ribbit (D:9)
  4 trolls
  A hornet (D:11)
  4 slime creatures (D:12)
  Sigmund (D:6)
  12 yaks
  A wraith (D:12)
  6 wyverns
  2 basilisks
  A steam dragon (D:7)
  Grum (D:8)
  4 vampire mosquitoes (D:11)
  An acid dragon (D:10)
  6 water moccasins
  14 orc warriors
  3 sky beasts
  An ice beast (D:5)
  2 black bears
  2 ogres
  5 wolves
  5 centaurs
  A kobold brigand (D:8)
  2 necrophages
  2 bullfrogs (D:9)
  3 scorpions
  21 wights
  7 killer bees
  4 howler monkeys
  2 electric eels (D:9)
  A hound (D:4)
  3 jellies
  A gnoll shaman (D:7)
  2 orc priests
  8 orc wizards
  3 iguanas
  Robin (D:2)
  5 adders
  9 gnolls
  A shadow imp (D:6)
  An ufetubus (D:6)
  5 worms
  A dart slug (D:3)
  47 orcs
  4 bats
  8 endoplasms
  2 giant cockroaches (D:1)
  35 goblins
  13 hobgoblins
  11 jackals
  3 quokkas
  5 ball pythons
  5 frilled lizards
  13 kobolds
  6 rats
330 creatures vanquished.

Vanquished Creatures (others)
  A bush (D:10)
  8 fungi
  8 plants
  2 withered plants (D:11)
19 creatures vanquished.

Grand Total: 349 creatures vanquished

Notes
Turn   | Place    | Note
-------+----------+-------------------------------------------
     0 | D:1      | grumblor the Vine Stalker Fighter began the quest for the
                  | Orb.
     0 | D:1      | Reached XP level 1. HP: 11/11 MP: 2/2
    78 | D:1      | Reached XP level 2. HP: 16/16 MP: 3/3
   517 | D:1      | Reached skill level 2 in Axes
   579 | D:1      | Reached XP level 3. HP: 20/20 MP: 4/4
  1109 | D:2      | Found a radiant altar of Vehumet.
  1109 | D:2      | Noticed Robin
  1117 | D:2      | Killed Robin
  1118 | D:2      | Reached skill level 1 in Dodging
  1118 | D:2      | Gained mutation: Your natural rate of healing is unusually
                  | fast. [Vine Stalker growth]
  1118 | D:2      | Reached XP level 4. HP: 12/24 MP: 3/5
  1449 | D:2      | Found a faded altar of an unknown god.
  2188 | D:3      | Found an opulent altar of Gozag.
  2223 | D:3      | Reached skill level 1 in Throwing
  2225 | D:3      | Reached XP level 5. HP: 28/28 MP: 6/6
  2229 | D:3      | Reached skill level 3 in Axes
  2767 | D:3      | Identified a scroll of acquirement
  2767 | D:3      | Acquired the ring "Jyeplon" {rN++ rCorr}
  2839 | D:4      | Reached XP level 6. HP: 31/32 MP: 5/7
  2944 | D:4      | Reached skill level 4 in Axes
  2971 | D:4      | Reached XP level 7. HP: 33/37 MP: 6/8
  2982 | D:4      | Found a blossoming altar of Fedhas.
  3074 | D:4      | Found a stormy altar of Qazlal.
  3150 | D:4      | Found a staircase to the Ecumenical Temple.
  3159 | Temple   | Entered the Ecumenical Temple
  3205 | Temple   | Became a worshipper of Ru the Awakened
  3377 | D:5      | Entered Level 5 of the Dungeon
  3886 | D:5      | Reached skill level 1 in Evocations
  3916 | D:5      | Reached skill level 5 in Axes
  3920 | D:5      | Gained mutation: You have razor-sharp teeth. [Vine Stalker
                  | growth]
  3920 | D:5      | Reached XP level 8. HP: 35/42 MP: 9/9
  3935 | D:5      | Found a basalt altar of Yredelemnul.
  4094 | D:6      | Noticed Maggie
  4114 | D:6      | Killed Maggie
  4404 | D:6      | Noticed Sigmund
  4414 | D:6      | Killed Sigmund
  4415 | D:6      | Reached skill level 6 in Axes
  4457 | D:6      | Gained mutation: You cannot be stealthy. [Ru sacrifice]
  4676 | D:6      | Found a shimmering altar of Xom.
  4758 | D:6      | Found a burning altar of Makhleb.
  4758 | D:6      | Found a broken altar of Ashenzari.
  4765 | D:6      | Found a glowing silver altar of Zin.
  4767 | D:6      | Found a faded altar of an unknown god.
  4769 | D:6      | Found a snail-covered altar of Cheibriados.
  4808 | D:6      | Reached XP level 9. HP: 46/46 MP: 10/10
  5133 | D:7      | Reached skill level 5 in Fighting
  5434 | D:7      | Reached skill level 7 in Axes
  5760 | D:7      | Noticed Joseph
  5776 | D:7      | Killed Joseph
  5877 | D:7      | Found a hide-covered altar of Uskayaw.
  5945 | D:8      | Noticed a two-headed ogre
  6060 | D:8      | Noticed Erica
  6062 | D:8      | Reached XP level 10. HP: 49/53 MP: 11/11
  6076 | D:8      | Killed Erica
  6077 | D:8      | Reached skill level 8 in Axes
  6077 | D:8      | Reached skill level 5 in Armour
  6145 | D:8      | Found a flagged portal.
  6147 | D:8      | Noticed Psyche
  6153 | D:8      | Killed Psyche
  6229 | Bailey   | Entered a bailey
  6617 | Bailey   | Noticed an orc warlord
  6652 | Bailey   | Killed an orc warlord
  6653 | Bailey   | Reached skill level 9 in Axes
  6653 | Bailey   | Reached skill level 5 in Evocations
  6671 | Bailey   | Acquired 748 gold pieces
  6856 | D:8      | Killed a two-headed ogre
  6857 | D:8      | Reached XP level 11. HP: 18/60 MP: 11/12
  7122 | D:8      | Noticed Grum
  7135 | D:8      | Killed Grum
  7349 | D:9      | Noticed Harold
  7366 | D:9      | Killed Harold
  7387 | D:9      | HP: 3/60 [orc warrior/+0 scimitar (2)]
  7392 | D:9      | HP: 2/60 [poisoned by a killer bee]
  7776 | D:9      | Found a staircase to the Orcish Mines.
  7777 | D:9      | Noticed Prince Ribbit
  7785 | D:9      | Killed Prince Ribbit
  7847 | D:9      | Got the Grimoire of Intoxication
  7936 | D:9      | Found Egaronop's Jewellery Boutique.
  7937 | D:9      | Noticed Maurice
  7966 | D:9      | Killed Maurice
  7983 | D:9      | Bought an amulet of regeneration for 450 gold pieces
  8326 | D:10     | Entered Level 10 of the Dungeon
  8412 | D:10     | Found a staircase to the Lair.
  8429 | D:10     | Reached skill level 10 in Axes
  8704 | D:10     | Noticed a two-headed ogre
  8714 | D:10     | Reached XP level 12. HP: 57/66 MP: 13/13
  8741 | D:10     | Killed a two-headed ogre
  9327 | D:11     | Noticed a seven-headed hydra
  9347 | D:11     | HP: 2/67 [five-headed hydra (3)]
  9622 | D:11     | Reached skill level 11 in Axes
  9906 | D:11     | Killed a two-headed hydra
 10033 | D:11     | Found a runed translucent door.
 10033 | D:11     | Noticed Palms's ghost (journeyman HOBe)
 10270 | D:11     | HP: 2/67 [Palms's ghost (4)]
 10273 | D:11     | Killed Palms's ghost
 10274 | D:11     | Reached skill level 5 in Shields
 10304 | D:11     | Identified the +0 ring mail of the Morning {rPois}
 10468 | D:12     | Reached skill level 10 in Fighting
 10535 | D:12     | Noticed a two-headed ogre
 10542 | D:12     | Killed a two-headed ogre
 11372 | D:13     | Noticed a two-headed ogre
 11372 | D:13     | Noticed a centaur warrior
 11385 | D:13     | HP: 3/68 [centaur warrior/arrow (4)]
 11387 | D:13     | Slain by a two-headed ogre

Illustrated notes

Levels and vault maps discovered:
D:1:      co_arrival_square_in_a_square_in_a_square, layout_basic
D:2:      layout_basic, basic_altar, ebering_ecumenical_altar_webs,
          kennysheep_generic_room_15, uniq_robin
D:3:      layout_loops_corners, nicolae_gozag_cash_rules_everything_around_me
D:4:      layout_cave_pools, grunt_temple_overflow_forces_of_nature,
          minmay_temple_entry_junction
D:5:      layout_basic, marbit_many_paths, minmay_misc_feat_tower, minivault_5
D:6:      layout_loops_corners, chequers_temple_overflow_minitemple,
          mainiacjoe_overflow_small_starburst, uniq_maggie, uniq_sigmund
D:7:      layout_basic, lemuel_coloured_pillars_altar, uniq_joseph
D:8:      layout_basic, enter_bailey_6, minmay_misc_feat_four_crosses,
          uniq_erica, uniq_grum, uniq_psyche
D:9:      layout_big_octagon, orc_0_dummy, serial_shops,
          nicolae_shop_advertising_works [nicolae_subvault_shop_adworks],
          library_closet, uniq_prince_ribbit1, uniq_harold, uniq_maurice
D:10:     layout_loops_ring, minmay_lair_entry_grove
D:11:     layout_roguey, gammafunk_ghost_grave
D:12:     layout_loops_cross
D:13:     layout_layer_cave, david_vaults_2
Temple:   ebering_untended_altars

Skill      XL: |  1  2  3  4  5  6  7  8  9 10 11 12 |
---------------+-------------------------------------+-----
Fighting       | 3 4 6 8 9 10 | 10.4
Axes           | 2 3 4 5 6 7 9 10 11 | 11.3
Dodging        | 1 2 3 4 |  4.0
Throwing       | 1 2 |  2.0
Armour         | 3 4 5 6 7 |  7.0
Shields        | 3 4 5 |  5.1
Evocations     | 1 2 4 5 6 7 |  7.5

Action                   |  1- 3 |  4- 6 |  7- 9 | 10-12 || total
-------------------------+-------+-------+-------+-------++-------
Melee: War axe           |    59 |   123 |   266 |   577 ||  1025
       Bite              |    13 |    33 |    80 |   186 ||   312
       Scimitar          |       |       |       |     9 ||     9
Throw: Boomerang         |       |       |    11 |    35 ||    46
       Dart              |       |       |       |     3 ||     3
       Throwing net      |       |       |       |     1 ||     1
Invok: Sacrifice Stealth |       |       |     1 |       ||     1
       Reject Sacrifices |       |       |       |     1 ||     1
Evoke: Wand              |       |       |       |    18 ||    18
  Use: Scroll            |     6 |     2 |     7 |    10 ||    25
       Potion            |       |       |       |     2 ||     2
 Stab: Paralysed         |       |       |       |    10 ||    10
Armor: Scale mail        |    30 |    16 |       |       ||    46
       Chain mail        |       |    31 |   147 |    17 ||   195
       Plate armour      |       |       |       |   329 ||   329
Dodge: Dodged            |    29 |    50 |   119 |   215 ||   413
Block: Buckler           |    14 |    28 |    66 |   158 ||   266

Table legend: (Time is in decaauts)
 A = Elapsed time spent in this place.
 B = Non-inter-level travel time spent in this place.
 C = Inter-level travel time spent in this place.
 D = Time resting spent in this place.
 E = Time spent auto-exploring this place.
 F = Levels seen in this place.
 G = Mean time per level.
                   A        B        C        D        E       F      G
               +--------+--------+--------+--------+--------+-----+--------+
         Total |  11568 |  11218 |    350 |    834 |   7717 |  15 |  771.2 |
       Dungeon |  10992 |  10651 |    341 |    827 |   7478 |  13 |  845.5 |
        Temple |     55 |     46 |      9 |      0 |     25 |   1 |   55.0 |
        Bailey |    519 |    519 |      0 |      7 |    214 |   1 |  519.0 |
               +--------+--------+--------+--------+--------+-----+--------+

Top non-repeatable levels by time:
    D:11: 1298 daAuts
     D:9: 1103 daAuts
     D:6: 1083 daAuts
     D:1: 1045 daAuts
    D:12: 964 daAuts
     D:3: 925 daAuts
     D:2: 885 daAuts
     D:7: 840 daAuts
     D:8: 828 daAuts
    D:10: 789 daAuts
     D:5: 665 daAuts
     D:4: 543 daAuts
  Bailey: 519 daAuts
  Temple: 55 daAuts
    D:13: 19 daAuts
